 Dungeon Crawl Stone Soup version 0.18-a0-1026-ge317a7f (webtiles) character file.

746 wirefist the Conjurer (level 7, -1/51 HPs)
             Began as a Demigod Conjurer on Jan 8, 2016.
             Slain by a centaur zombie (5 damage)
             ... in an ossuary.
             The game lasted 00:33:04 (4356 turns).

wirefist the Conjurer (Demigod Conjurer)            Turns: 4356, Time: 00:33:04

Health: -1/51      AC:  2    Str: 11    XL:     7   Next: 23%
Magic:  2/18       EV: 13    Int: 26    God:
Gold:   143        SH:  0    Dex: 18    Spells: 2 memorised, 13 levels left

rFire  . . .     SeeInvis .     l - +0 dagger
rCold  . . .     Gourm    .     a - +0 robe
rNeg   . . .     Faith    .     (no shield)
rPois  .         Spirit   .     (no helmet)
rElec  .         Dismiss  .     (no cloak)
rCorr  .         Reflect  .     (no gloves)
SustAt +         Harm     .     (no boots)
MR     .....                    (no amulet)
Stlth  ++........               s - +3 ring of intelligence
                                p - +2 ring of dexterity

@: not resistant to hostile enchantments, unstealthy
A: high mp 1, sustain attributes
a: no special abilities


You were in an ossuary.
You were hungry.

You visited 1 branch of the dungeon, and saw 5 of its levels.
You also visited: Ossuary.

You collected 143 gold pieces.

Inventory:

Hand Weapons
 l - a +0 dagger (weapon)
Missiles
 z - 6 curare-tipped needles
Armour
 a - a +0 robe (worn)
Jewellery
 j - an uncursed ring of protection from fire
 p - a +2 ring of dexterity (left hand)
 s - a +3 ring of intelligence (right hand)
 u - an uncursed ring of resist corrosion
 D - a +3 ring of evasion
Wands
 y - a wand of digging (14/24)
 F - a wand of random effects (10/48)
Scrolls
 h - a scroll of recharging {unknown}
 m - a scroll of teleportation {unknown}
 n - 3 scrolls of identify
 o - a scroll of magic mapping {unknown}
 q - 2 scrolls of immolation {unknown}
 w - a scroll of blinking {unknown}
 x - a scroll of remove curse
 A - a scroll of amnesia
 B - a scroll of noise
 C - a scroll of enchant armour {unknown}
Potions
 d - a potion of heal wounds {unknown}
 e - a potion of brilliance {unknown}
 f - a potion of haste {unknown}
 g - 2 potions of degeneration
 i - 3 potions of cancellation {unknown}
 t - a potion of agility {unknown}
 v - a potion of resistance {unknown}
 G - a potion of beneficial mutation {unknown}
Books
 b - a book of Conjurations

   Spells                             Type                      Level
   a - Magic Dart                     Conjuration                  1
   b - Searing Ray                    Conjuration                  2
   c - Dazzling Spray                 Conjuration/Hexes            3
   d - Fulminant Prism                Conjuration/Hexes            4
   e - Iskenderun's Mystic Blast      Conjuration                  4
   f - Iskenderun's Battlesphere      Conjuration/Charms           5
 H - a book of Geomancy

   Spells                             Type                      Level
   a - Sandblast                      Earth                        1
   b - Stoneskin                      Transmutation/Earth          2
   c - Passwall                       Transmutation/Earth          3
   d - Stone Arrow                    Conjuration/Earth            3
   e - Petrify                        Transmutation/Earth          4
   f - Lee's Rapid Deconstruction     Earth                        5
Comestibles
 c - 3 bread rations
 k - 2 beef jerkies
 r - 2 meat rations
 E - 3 fruits


   Skills:
 + Level 0.5 Fighting
 + Level 2.9 Dodging
 + Level 2.7 Stealth
 * Level 5.2 Spellcasting
 + Level 5.5 Conjurations


You had 13 spell levels left.
You knew the following spells:

 Your Spells              Type           Power        Failure   Level  Hunger
a - Magic Dart            Conj           ####         1%          1    None
b - Searing Ray           Conj           #####.       1%          2    None


Dungeon Overview and Level Annotations

Branches:
Dungeon (5/15)
 Temple: D:4-7

Shops:
D:2 *


Innate Abilities, Weirdness & Mutations

You have an increased reservoir of magic (+10% MP).
Your attributes are resistant to harm.


Message History

Aiming: Magic Dart
Press: ? - help, Shift-Dir - straight line, f/p - centaur zombie
Aim: a centaur zombie The magic dart hits the centaur zombie.
The centaur zombie misses you.
You hit the centaur zombie. The centaur zombie barely misses you.
The centaur zombie hits you.
You hit the centaur zombie but do no damage.
The centaur zombie hits you.
You hit the centaur zombie but do no damage.
The centaur zombie hits you!
You hit the centaur zombie. The centaur zombie hits you!
* * * LOW HITPOINT WARNING * * *
You hit the centaur zombie. The centaur zombie barely misses you.
The centaur zombie hits you.
* * * LOW HITPOINT WARNING * * *
The centaur zombie hits you.
* * * LOW HITPOINT WARNING * * *
There is an empty arch of ancient stone here.
The centaur zombie hits you.
You die...

######### #
#.#.#.#.#Z# #####
#.......... ##...##
#..........
##.....###..........
#...................
#..∩@Z..............
#...................
##.....###..........
##...## #..........
##### #..........
#.#.#.#.#.#
###########


You could see a centaur zombie.

Vanquished Creatures
  Grinder (D:4)
  Edmund (D:4)
  An ogre (D:5)
  A human zombie (Ossuary)
  2 iguanas
  3 worker ants
  A big kobold zombie (Ossuary)
  2 mummies (Ossuary)
  6 adders
  2 oozes
  2 worm zombies (D:5)
  A worm (D:2)
  3 giant geckos
  9 orcs
  4 giant cockroaches
  12 goblins
  11 hobgoblins
  10 jackals
  6 kobolds
  4 quokkas
  3 bats
  3 giant newts
  A goblin zombie (Ossuary)
  3 hobgoblin zombies (Ossuary)
  6 rats
  A rat zombie (D:5)
99 creatures vanquished.

Notes
Turn   | Place    | Note
--------------------------------------------------------------
     0 | D:1      | wirefist the Demigod Conjurer began the quest for the Orb.
     0 | D:1      | Reached XP level 1. HP: 14/14 MP: 5/5
   134 | D:1      | Reached skill level 4 in Conjurations
   215 | D:1      | Reached XP level 2. HP: 20/20 MP: 5/7
   219 | D:1      | Learned a level 2 spell: Searing Ray
  1077 | D:2      | Found a glowing silver altar of Zin.
  1078 | D:2      | Found Zin's Purification Station.
  1113 | D:2      | Reached XP level 3. HP: 26/26 MP: 4/8
  1956 | D:3      | Reached XP level 4. HP: 26/33 MP: 6/10
  2858 | D:4      | Noticed Edmund
  2858 | D:4      | Noticed Grinder
  3131 | D:4      | Killed Edmund
  3131 | D:4      | Reached skill level 5 in Conjurations
  3131 | D:4      | Reached XP level 5. HP: 13/38 MP: 1/13
  3409 | D:4      | Reached XP level 6. HP: 36/45 MP: 6/14
  3486 | D:3      | Learned a level 2 spell: Searing Ray
  3585 | D:4      | Killed Grinder
  3871 | D:5      | Entered Level 5 of the Dungeon
  3871 | D:5      | Found a sand-covered staircase.
  3881 | D:5      | Reached XP level 7. HP: 49/51 MP: 10/17
  4039 | D:5      | Reached skill level 5 in Spellcasting
  4064 | Ossuary  | Entered an ossuary
  4356 | Ossuary  | Slain by a centaur zombie

Vault maps used:
D:1:      dpeg_arrival_line_fractal
D:2:      zin_purify, minmay_tree_intersection
D:3:      minmay_goblin_outpost
D:4:      st_stairs_10, uniq_edmund, uniq_grinder
D:5:      wad_pebble_path, fiery_altar_vehumet, grunt_dithmenos_smoke,
          minmay_temple_entry_large_hall, first_bread, enter_ossuary_3
Ossuary:  minmay_ossuary_gauntlet

Action                   |  1- 3 |  4- 6 |  7- 9 || total
-------------------------+-------+-------+-------++-------
Melee: Unarmed           |     1 |       |       ||     1
       Club              |    12 |       |       ||    12
       Dagger            |       |    17 |    17 ||    34
 Cast: Magic Dart        |    62 |    66 |    37 ||   165
       Searing Ray       |     9 |    15 |    10 ||    34
  Use: Scroll            |       |     5 |       ||     5
  Eat: Chunk             |     3 |     6 |     1 ||    10
       Fruit             |       |     1 |       ||     1
